 Dungeon Crawl Stone Soup version 0.28-a0-726-g4a91437 (webtiles) character file.

Game seed: 11454978959606959978

347 Nithhogg the Skirmisher (level 6, 0/58 HPs)
             Began as a Hill Orc Fighter on Oct 27, 2021.
             Succumbed to Robin's poison
             ... on level 4 of the Dungeon.
             The game lasted 00:06:02 (4031 turns).

Nithhogg the Skirmisher (Hill Orc Fighter)          Turns: 4031, Time: 00:06:03

Health: 0/58       AC:  9    Str: 21    XL:     6   Next: 59%
Magic:  6/6        EV:  9    Int:  8    God:
Gold:   157        SH:  0    Dex: 10    Spells: 5/5 levels left

rFire   . . .      SeeInvis .   f - +2 short sword (venom)
rCold   . . .      Faith    .   (no shield)
rNeg    . . .      Spirit   .   b - +0 scale mail
rPois   .          Reflect  .   (no helmet)
rElec   .          Harm     .   j - +1 cloak
rCorr   .          Rampage  .   (no gloves)
Will    .....                   (no boots)
Stlth   ..........              (no amulet)
HPRegen 0.19/turn               (no ring)
MPRegen 0.10/turn               (no ring)

@: lethally poisoned (0 -> -10), about to teleport
A: no striking features
a: no special abilities


You were on level 4 of the Dungeon.
You visited 1 branch of the dungeon, and saw 4 of its levels.

You collected 157 gold pieces.

Inventory:

Hand Weapons
 a - a +0 war axe
 f - a +2 short sword of venom (weapon)
Armour
 b - a +0 scale mail (worn)
 c - a +0 buckler
 j - a +1 cloak (worn)
 p - a +0 plate armour
Wands
 m - a wand of iceblast (18)
Scrolls
 d - a scroll of amnesia
 e - a scroll of teleportation
Potions
 o - a potion of brilliance


   Skills:
 + Level 6.6 Fighting
 + Level 6.5 Axes
 - Level 3.2 Armour
 - Level 3.2 Shields


You had 5 spell levels left.
You didn't know any spells.
Your spell library contained the following spells:

 Spells                   Type           Power      Damage    Failure   Level
 Ensorcelled Hibernation  Hex/Ice        0%         N/A       87%         2
 Tukima's Dance           Hex            0%         N/A       98%         3


Dungeon Overview and Level Annotations

Branches:
Dungeon (4/15)
 Temple: D:4-7

Altars:
Xom

Shops:
D:2 =

Annotations:
D:3 Caerwyn's ghost, amateur DjCj
D:4 Robin


Message History

Robin roars a battlecry!
A hobgoblin comes into view.
The hobgoblin shouts!
The goblin unwields a +0 club.
The goblin wields a +0 hunting sling.
The goblin shoots a stone.
The stone barely misses you. Robin hits you but does no damage.
Items here: ))) ††.
The goblin unwields a +0 hunting sling.
The goblin wields a +0 club.
The goblin hits you but does no damage.
You closely miss the goblin. Robin hits you but does no damage.
You are poisoned.
The goblin hits you but does no damage.
You hit Robin but do no damage.
You feel sick. Robin hits you but does no damage.
You are more poisoned.
The goblin hits you but does no damage.
You puncture Robin!
Robin is poisoned.
Robin is heavily wounded.
You feel very sick.
Robin hits you with a +1 dagger of venom.
* * * LOW HITPOINT WARNING * * *
You are lethally poisoned!
The goblin completely misses you.
* * * LOW HITPOINT WARNING * * *
You feel very sick.
Robin roars a battlecry!
The goblin hits you but does no damage.
Okay, then.
As you read the scroll of teleportation, it crumbles to dust.
You feel strangely unstable.
* * * LOW HITPOINT WARNING * * *
You feel very sick.
Robin drinks a potion.
Robin is healed!
Robin looks more healthy.
The goblin closely misses you.
* * * LOW HITPOINT WARNING * * *
You feel very sick.
The goblin unwields a +0 club.
The goblin wields a +0 hunting sling.
The goblin shoots a stone.
The stone hits you but does no damage.
A goblin comes into view. It is wielding a +0 club.
You die...

####. . .... ..
...########### g..
...#.......<# ....
..#.###..#.# #..##..
#..#######
#..g..#####........#
#...g.g..g†.######.#
#...o.o...g#..@....#
#.#.######)##.######
..... #g##.# .....
#g)gg# ..... ######
.... ####


You could see Robin and 2 goblins.

Vanquished Creatures
  Sigmund (D:2)
  Crazy Yiuf (D:2)
  Ijyb (D:3)
  3 adders (D:3)
  3 worms
  3 dart slugs
  6 orcs
  3 bats
  4 endoplasms
  11 giant cockroaches
  11 goblins
  5 hobgoblins
  5 jackals
  2 quokkas (D:1)
  5 ball pythons
  5 kobolds
  6 rats
75 creatures vanquished.

Vanquished Creatures (others)
  A demonic plant (D:3)
1 creature vanquished.

Grand Total: 76 creatures vanquished

Notes
Turn   | Place    | Note
-------+----------+-------------------------------------------
     0 | D:1      | Nithhogg the Hill Orc Fighter began the quest for the Orb.
     0 | D:1      | Reached XP level 1. HP: 19/19 MP: 1/1
   173 | D:1      | Reached XP level 2. HP: 27/27 MP: 2/2
   638 | D:1      | Reached XP level 3. HP: 27/34 MP: 3/3
  1186 | D:2      | Found a runed translucent door.
  1187 | D:2      | Noticed Crazy Yiuf
  1254 | D:2      | Killed Crazy Yiuf
  1255 | D:2      | Reached XP level 4. HP: 15/41 MP: 4/4
  1551 | D:2      | Found Soopuett's Jewellery Boutique.
  1612 | D:2      | Noticed Sigmund
  1643 | D:2      | Killed Sigmund
  1644 | D:2      | Reached XP level 5. HP: 23/50 MP: 5/5
  1644 | D:2      | Reached XP level 6. HP: 27/57 MP: 6/6
  1907 | D:2      | Found a shimmering altar of Xom.
  2271 | D:3      | Found a transporter.
  2272 | D:3      | Noticed Caerwyn's ghost (amateur DjCj)
  2273 | D:3      | Found a transporter.
  2332 | D:3      | Found a faded altar of an unknown god.
  3072 | D:3      | Noticed Ijyb
  3083 | D:3      | Killed Ijyb
  3985 | D:4      | Noticed Robin
  4030 | D:4      | HP: 1/58 [poisoned by Robin]
  4031 | D:4      | Succumbed to Robin's poison

Illustrated notes

Levels and vault maps discovered:
D:1:      elethiomel_arrival_shortcut, layout_basic,
          minmay_misc_feat_four_crosses
D:2:      layout_loops_ring, serial_shops, nicolae_square_shop, basic_altar,
          uniq_sigmund, uniq_crazy_yiuf_cottage
D:3:      kb_forest_paths, layout_loops_corners, gammafunk_ghost_smash,
          shapermc_ecumenical_altar_gd, uniq_ijyb
D:4:      layout_basic, gup_sewer_entry_glass, kennysheep_nub, uniq_robin,
          uniq_natasha

Skill      XL: |  1  2  3  4 |
---------------+-------------+-----
Axes           | 3 4 6 |  6.5
Fighting       | 4 6 |  6.6
Armour         | |  3.2
Shields        | |  3.2

Action                   |  1- 3 |  4- 6 || total
-------------------------+-------+-------++-------
Melee: Short sword       |    59 |   136 ||   195
       War axe           |     4 |       ||     4
  Use: Potion            |       |     8 ||     8
       Scroll            |       |     4 ||     4
Armor: Scale mail        |    28 |    89 ||   117
Dodge: Dodged            |    20 |    63 ||    83

Table legend: (Time is in decaauts)
 A = Elapsed time spent in this place.
 B = Non-inter-level travel time spent in this place.
 C = Inter-level travel time spent in this place.
 D = Time resting spent in this place.
 E = Time spent auto-exploring this place.
 F = Levels seen in this place.
 G = Mean time per level.
                   A        B        C        D        E       F      G
               +--------+--------+--------+--------+--------+-----+--------+
         Total |   4031 |   3797 |    234 |      0 |   3198 |   4 | 1007.8 |
       Dungeon |   4031 |   3797 |    234 |      0 |   3198 |   4 | 1007.8 |
               +--------+--------+--------+--------+--------+-----+--------+

Top non-repeatable levels by time:
     D:3: 1673 daAuts
     D:2: 1162 daAuts
     D:1: 1117 daAuts
     D:4: 78 daAuts
